 Dungeon Crawl Stone Soup version 0.31-a0-704-g1016066182 (webtiles) character file.

Game seed: 15169120544784779451

843 Conn the Sneak (level 8, 0/46 HPs)
             Began as an Octopode Fire Elementalist on Sept 9, 2023.
             Slain by Grinder (9 damage)
             ... on level 5 of the Dungeon.
             The game lasted 00:07:51 (3812 turns).

Conn the Sneak (Octopode Fire Elementalist)         Turns: 3812, Time: 00:07:52

Health: 0/46       AC:  3    Str:  6    XL:     8   Next: 0%
Magic:  17/24      EV: 14    Int: 18    God:
Gold:   158        SH:  0    Dex: 17    Spells: 9/15 levels left

rFire   . . .        k - +0 short sword
rCold   + . .        (no shield)
rNeg    + . .        (helmet restricted)
rPois   .            (no amulet)
rElec   .            b - ring of flight
rCorr   .            h - ring of protection from cold
SInv    .            n - ring of magical power
Will    .....        p - ring of positive energy
Stlth   ++++         (no ring)
HPRegen 0.27/turn    (no ring)
MPRegen 0.19/turn    (no ring)
                     (no ring)

%: no passive effects
@: brilliant, attractive, flying
A: almost no armour, amphibious, 8 rings, camouflage 1, gelatinous body 1,
(nimble swimmer 1), tentacles, iridescent scales 1, agile 1, high MP 1
a: no special abilities


You were on level 5 of the Dungeon.
You visited 1 branch of the dungeon, and saw 5 of its levels.

You collected 158 gold pieces.

Inventory:

Hand Weapons
 k - a +0 short sword (weapon)
Missiles
 d - 7 poisoned darts
Armour
 r - a +0 buckler
Jewellery
 b - a ring of flight (left tentacle)
 h - a ring of protection from cold (right tentacle)
 n - a ring of magical power (on tentacle)
 p - a ring of positive energy (on tentacle)
Wands
 u - a wand of flame (9)
Scrolls
 c - a scroll of enchant weapon {unknown}
 e - 2 scrolls of enchant armour {unknown}
 f - 5 scrolls of identify {unknown}
 g - 2 scrolls of teleportation {unknown}
 i - a scroll of vulnerability {unknown}
 s - 2 scrolls of noise {unknown}
 t - 2 scrolls of poison {unknown}
 v - a scroll of fog {unknown}
Potions
 a - 2 potions of magic
 m - a potion of attraction
 q - a potion of invisibility {unknown}


   Skills:
 + Level 3.7 Dodging
 + Level 5.1 Stealth
 * Level 3.0 Shields
 * Level 4.2 Spellcasting
 * Level 4.1 Conjurations
 + Level 4.2 Fire Magic


You had 9 spell levels left.
You knew the following spells:

 Your Spells              Type           Power      Damage    Failure   Level
a - Foxfire               Conj/Fire      100%       2x1d9     2%          1
b - Scorch                Fire           56%        2d7       3%          2
c - Inner Flame           Hex/Fire       17%        N/A       19%         3

Your spell library contained the following spells:

 Spells                   Type           Power      Damage    Failure   Level
 Necrotise                Necr           20%        1d5       14%         1
 Summon Small Mammal      Summ           20%        N/A       14%         1
 Dazzling Flash           Conj/Hex       32%        N/A       19%         3
 Volatile Blastmotes      Fire/Tloc      34%        2d12      19%         3
 Poisonous Vapours        Pois/Air       10%        N/A       22%         2
 Sublimation of Blood     Necr           5%         N/A       22%         2
 Wereblood                Tmut           5%         N/A       22%         2
 Mephitic Cloud           Conj/Pois/Air  13%        N/A       24%         3
 Flame Wave               Conj/Fire      28%        2d9       26%         4
 Call Canine Familiar     Summ           5%         N/A       41%         3
 Summon Guardian Golem    Hex/Summ       5%         N/A       41%         3
 Vampiric Draining        Necr           5%         2d6       41%         3
 Freezing Cloud           Conj/Ice/Air   6%         6-21      92%         5
 Starburst                Conj/Fire      14%        6d6       98%         6
 Agony                    Necr           5%         N/A       99%         5
 Summon Hydra             Summ           2%         N/A       100%        7
 Maxwell's Capacitive Co  Air            2%         ∞         100%        8


Dungeon Overview and Level Annotations

Branches:
Dungeon (5/15)
 Temple: D:4-7

Altars:

Shops:
D:1 :   D:4 =

Annotations:
D:5 Grinder


Innate Abilities, Weirdness & Mutations

You cannot wear most types of armour.
You are amphibious.
You can wear up to eight rings at the same time.
Your skin changes colour to match your surroundings (Stealth+).
Your rubbery body absorbs attacks. (AC +1, EV +1)
((You are camouflaged when in or above water. (Stealth+)))
You have tentacles for arms and can constrict up to eight enemies at once.
You are partially covered in iridescent scales. (AC +2)
You are agile. (Dex +4, Str/Int -1)
You have an increased reservoir of magic. (+10% MP)


Message History

The ufetubus barely misses you.
The foxfire hits the orc.
You kill the orc!
The ufetubus barely misses you. The ufetubus closely misses you.
Unknown command.
Unknown command.
The foxfire hits the ufetubus.
The ufetubus is burned terribly!
The ufetubus explodes!
You hear a shout!
Unknown command.
Unknown command.
Okay, then.
Okay, then.
It was a potion of attraction.
You feel attractive to monsters. The orc priest is attracted toward you.
Grinder is attracted toward you. The orc priest is attracted toward you.
It was a potion of mutation.
You feel extremely strange.
You feel agile.
Iridescent scales grow over part of your body.
You feel more energetic.
The orc priest is engulfed in blazing flames.
The orc priest closely misses you. Grinder is attracted toward you.
The orc priest is attracted toward you.
It was a potion of curing.
You feel better.
Grinder says, "I used to sell toenails on the black market."
The orc priest is engulfed in blazing flames.
You kill the orc priest!
The orc priest calls down the wrath of Beogh upon you.
Beogh smites you!
* * * LOW HITPOINT WARNING * * *
Grinder is attracted toward you. The orc priest is attracted toward you.
Your Shields skill increases to level 3!
You have reached level 8!
Unknown command.
Unknown command.
It was a potion of brilliance.
You feel clever all of a sudden.
Grinder is engulfed in blazing flames.
Grinder hits you!
You die...
Grinder says, "Now the real fun starts!"

### #.# #.# .. #.#
#.# ###.. ## #.###.#
....# #. #.....# .#
#...#. #.#####
...$#.#.# #.#
#..o..### #.#
....###..o########.#
. #.#.§.§§o5@..#
#......☼)○...#
##############


You could see Grinder and an orc priest.

Vanquished Creatures
  Pikel (D:5)
  Blork the orc (D:5)
  An orc priest (D:5)
  A sleepcap (D:4)
  An iguana (D:4)
  Natasha (thrice) (D:2)
  3 gnolls (D:4)
  5 adders
  An ufetubus (D:5)
  2 worms
  2 orcs
  8 endoplasms
  4 giant cockroaches
  11 hobgoblins
  10 jackals
  3 kobolds
  6 quokkas
  4 ball pythons
  3 bats
  3 frilled lizards
  4 goblins
  4 rats
81 creatures vanquished.

Vanquished Creatures (collateral kills)
  A foxfire (D:1)
1 creature vanquished.

Vanquished Creatures (others)
  188 foxfires
188 creatures vanquished.

Grand Total: 270 creatures vanquished

Notes
Turn   | Place    | Note
-------+----------+-------------------------------------------
     0 | D:1      | Conn the Octopode Fire Elementalist began the quest for the
                  | Orb.
     0 | D:1      | Reached XP level 1. HP: 11/11 MP: 3/3
    91 | D:1      | Reached XP level 2. HP: 17/17 MP: 0/5
   152 | D:1      | Found Anyehyde's Book Shoppe.
   209 | D:1      | Reached skill level 3 in Stealth
   245 | D:1      | Learned a level 2 spell: Scorch
   736 | D:2      | Reached XP level 3. HP: 21/21 MP: 3/6
   802 | D:2      | Noticed Natasha
   807 | D:2      | Killed Natasha
   808 | D:2      | Reached XP level 4. HP: 27/27 MP: 3/7
   858 | D:2      | Noticed Natasha
   867 | D:2      | Killed Natasha
   923 | D:2      | Noticed Natasha
   927 | D:2      | Killed Natasha
   991 | D:2      | Reached XP level 5. HP: 31/31 MP: 9/9
  1023 | D:2      | Learned a level 3 spell: Inner Flame
  1359 | D:2      | Found a faded altar of an unknown god.
  1472 | D:2      | You are sucked into a shaft and drop 1 floor!
  2664 | D:4      | Reached skill level 4 in Stealth
  2790 | D:4      | Reached skill level 1 in Shields
  2790 | D:4      | Reached XP level 6. HP: 7/36 MP: 6/10
  3341 | D:4      | Found Betopno's Jewellery Shoppe.
  3526 | D:5      | Entered Level 5 of the Dungeon
  3585 | D:5      | Noticed Pikel
  3596 | D:5      | Killed Pikel
  3597 | D:5      | Reached XP level 7. HP: 39/41 MP: 10/13
  3675 | D:5      | Noticed Blork the orc
  3681 | D:5      | Killed Blork the orc
  3682 | D:5      | Reached skill level 5 in Stealth
  3796 | D:5      | Noticed Grinder
  3810 | D:5      | Gained mutation: You are agile. (Dex +4, Str/Int -1)
                  | [potion of mutation]
  3810 | D:5      | Gained mutation: You are partially covered in iridescent
                  | scales. (AC +2) [potion of mutation]
  3810 | D:5      | Gained mutation: You have an increased reservoir of magic.
                  | (+10% MP) [potion of mutation]
  3812 | D:5      | Reached XP level 8. HP: 9/46 MP: 15/15
  3812 | D:5      | Slain by Grinder

Illustrated notes

Levels and vault maps discovered:
D:1:      tarquinn_simple_flora_water_c, layout_rooms, serial_shops, shop
D:2:      layout_rooms, shapermc_ecumenical_altar_pompeii,
          hangedman_decor_peaks_small, nicolae_concentric_dashed_squares_mild,
          minmay_tree_intersection, uniq_natasha
D:3:      layout_loops_corners, minivault_25
D:4:      layout_basic, serial_shops, nicolae_shop_crystal
D:5:      layout_loops_ring, minmay_small_thing, uniq_blork_the_orc, uniq_pikel,
          uniq_grinder, uniq_menkaure, uniq_sigmund

Skill      XL: |  1  2  3  4  5  6  7 |
---------------+----------------------+-----
Stealth        | 3 4 5 |  5.1
Conjurations   | 2 4 |  4.1
Spellcasting   | 3 4 |  4.2
Dodging        | 3 |  3.7
Shields        | 1 2 3 |  3.0
Fire Magic     | 4 |  4.2

Action                     |  1- 3 |  4- 6 |  7- 9 || total
---------------------------+-------+-------+-------++-------
  Melee: Unarmed           |     7 |       |       ||     7
         Tentacles         |     4 |     6 |       ||    10
         Constrict         |     3 |     7 |       ||    10
         Short sword       |     1 |    29 |       ||    30
   Cast: Foxfire           |    24 |    78 |     5 ||   107
         Scorch            |     2 |    18 |     4 ||    24
         Inner Flame       |       |     1 |     1 ||     2
    Use: Potion            |       |       |     4 ||     4
   Stab: Sleeping          |     1 |     7 |       ||     8
         Distracted        |       |     1 |       ||     1
 Armour: Skin              |     6 |    25 |     8 ||    39
  Dodge: Dodged            |     7 |    19 |    15 ||    41

Table legend: (Time is in decaauts)
 A = Elapsed time spent in this place.
 B = Non-inter-level travel time spent in this place.
 C = Inter-level travel time spent in this place.
 D = Time resting spent in this place.
 E = Time spent auto-exploring this place.
 F = Levels seen in this place.
 G = Mean time per level.
                   A        B        C        D        E       F      G
               +--------+--------+--------+--------+--------+-----+--------+
         Total |   3813 |   3751 |     62 |    163 |   2793 |   5 |  762.6 |
       Dungeon |   3813 |   3751 |     62 |    163 |   2793 |   5 |  762.6 |
               +--------+--------+--------+--------+--------+-----+--------+

Top non-repeatable levels by time:
     D:3: 1028 daAuts
     D:4: 1024 daAuts
     D:2: 775 daAuts
     D:1: 699 daAuts
     D:5: 285 daAuts
